 Dungeon Crawl Stone Soup version 0.26.1-11-gd32895ea62 (webtiles) character file.

Game seed: 15035798682803923387

958 nothank2 the Changer (level 7, -3/48 HPs)
             Began as a Demonspawn Transmuter on June 24, 2021.
             Shot with an arrow by a centaur (15 damage)
             ... on level 5 of the Dungeon.
             The game lasted 00:17:42 (7894 turns).

nothank2 the Changer (Demonspawn Transmuter)        Turns: 7894, Time: 00:17:42

Health: -3/48      AC:  6    Str: 11    XL:     7   Next: 91%
Magic:  11/12      EV: 12    Int: 16    God:
Gold:   366        SH:  0    Dex: 13    Spells: 9/13 levels left

rFire    + . .     SeeInvis .   l - +3 flail (drain)
rCold    . . .     Faith    .   (no shield)
rNeg     . . .     Spirit   .   a - +0 robe
rPois    .         Reflect  .   v - +0 hat
rElec    .         Harm     .   r - scarf {shadows}
rCorr    .         Rampage  .   (no gloves)
Will     .....                  b - +1 pair of boots
Stlth    ++........             (no amulet)
HPRegen  0.16/turn              e - ring of stealth
MPRegen  0.13/turn              (no ring)

@: no status effects
A: hooves 2, molten scales 1, fire resistance 1
a: no special abilities


You were on level 5 of the Dungeon.
You visited 1 branch of the dungeon, and saw 5 of its levels.

You collected 366 gold pieces.

Inventory:

Hand Weapons
 c - a +0 mace
 l - a +3 flail of draining (weapon)
 y - a +2 flail of venom
Missiles
 s - 12 poisoned darts
Armour
 a - a +0 robe (worn)
 b - a +1 pair of boots (worn)
 n - a +0 cloak
 r - a scarf of shadows (worn)
 v - a +0 hat (worn)
Jewellery
 e - a ring of stealth (left hand)
 w - an uncursed ring of fire {unknown}
Wands
 p - a wand of random effects (34)
 z - a wand of acid (5)
Scrolls
 d - 2 scrolls of remove curse
 f - a scroll of enchant armour
 g - 2 scrolls of fog
 j - a scroll of identify
 x - 2 scrolls of teleportation
 A - a scroll of random uselessness {unknown}
Potions
 h - 2 potions of lignification
 i - 5 potions of mutation
 k - 3 potions of curing
 m - a potion of brilliance
 o - a potion of degeneration
 q - 2 potions of cancellation
 t - 2 potions of flight
 u - a potion of invisibility


   Skills:
 - Level 1.0 Fighting
 - Level 1.7 Dodging
 - Level 2.6 Unarmed Combat
 + Level 3.5 Spellcasting
 + Level 7.8 Transmutations
 + Level 1.1 Poison Magic


You had 9 spell levels left.
You knew the following spells:

 Your Spells              Type           Power        Failure   Level
a - Beastly Appendage     Tmut           28%          1%          1
b - Spider Form           Tmut/Pois      4%           9%          3

Your spell library contained the following spells:

 Spells                   Type           Power        Failure   Level
 Wereblood                Tmut           14%          1%          2
 Animate Skeleton         Necr           2%           19%         1
 Apportation              Tloc           2%           19%         1
 Corona                   Hex            1%           19%         1
 Summon Small Mammal      Summ           4%           19%         1
 Blade Hands              Tmut           7%           19%         5
 Ice Form                 Ice/Tmut       7%           34%         4


Dungeon Overview and Level Annotations

Branches:
Dungeon (5/15)
 Temple: D:4-7

Altars:
Ru


Innate Abilities, Weirdness & Mutations

You have hoof-like feet.
You are partially covered in molten scales. (AC +2)
Your flesh is heat resistant. (rF+)


Message History

You bump into the rock wall.
The centaur shoots an arrow.
The arrow misses you.
The centaur shoots an arrow.
The arrow hits you! Something hits you but does no damage.
You bump into the rock wall.
Your transformation has ended.
Your +3 flail of draining unmelds from your body.
Your scarf of shadows unmelds from your body.
Your +0 hat unmelds from your body.
Your +1 pair of boots unmelds from your body.
Your +0 robe unmelds from your body.
You sense an unholy aura.
It gets dark.
Something hits you but does no damage.
You are too injured to fight recklessly!
You feel less confused.
The centaur shoots an arrow.
The arrow closely misses you.
The centaur shoots an arrow.
The arrow hits you!
* * * LOW HITPOINT WARNING * * *
You see here 2 arrows.
There is an open door here.
The centaur shoots an arrow.
The arrow hits you!
You die...

##+# #.#...##
##......## # #
.........## .#..#
#......c..####.....#
+.....)...'(o.o....#
#........@####...###
#.......## .##
##.....## # ##...##
##'## ### #..## #.#
##...## #.#
####.....######.#
#................#


You could see a centaur and 2 orcs.

Vanquished Creatures
  Sigmund (D:3)
  3 ogres
  Crazy Yiuf (D:4)
  2 orc priests (D:4)
  An orc wizard (D:3)
  Jessica (D:3)
  An iguana (D:4)
  Natasha (thrice) (D:3)
  Terence (D:3)
  2 worker ants
  8 adders
  4 oozes
  2 adder skeletons (D:4)
  5 worms
  3 dart slugs
  4 leopard geckos
  19 orcs
  2 ball pythons
  7 giant cockroaches
  3 goblins
  5 hobgoblins
  5 jackals
  4 kobolds
  A quokka (D:2)
  9 bats
  9 frilled lizards
  A jackal skeleton (D:4)
  A quokka skeleton (D:5)
  9 rats
117 creatures vanquished.

Notes
Turn   | Place    | Note
-------+----------+-------------------------------------------
     0 | D:1      | nothank2 the Demonspawn Transmuter began the quest for the
                  | Orb.
     0 | D:1      | Reached XP level 1. HP: 15/15 MP: 3/3
   126 | D:1      | Reached skill level 2 in Transmutations
   375 | D:1      | Lost mutation: You have razor-sharp toenails. [demonic
                  | ancestry]
   375 | D:1      | Lost mutation: You have sharp toenails. [demonic ancestry]
   375 | D:1      | Gained mutation: You have large cloven feet. [demonic
                  | ancestry]
   375 | D:1      | Reached XP level 2. HP: 20/21 MP: 3/5
   861 | D:1      | Reached XP level 3. HP: 6/26 MP: 7/7
  1512 | D:1      | Learned a level 3 spell: Spider Form
  1953 | D:2      | HP: 1/26 [worm (2)]
  2287 | D:2      | Reached skill level 3 in Transmutations
  2307 | D:2      | Gained mutation: You are partially covered in molten
                  | scales. (AC +2) [demonic ancestry]
  2307 | D:2      | Reached XP level 4. HP: 32/32 MP: 6/8
  3033 | D:2      | Reached skill level 4 in Transmutations
  3223 | D:2      | Reached XP level 5. HP: 26/37 MP: 9/9
  3692 | D:3      | Noticed Terence
  3705 | D:3      | Killed Terence
  4155 | D:3      | Noticed Jessica
  4168 | D:3      | Killed Jessica
  4261 | D:3      | Reached skill level 5 in Transmutations
  4471 | D:3      | Noticed Natasha
  4481 | D:3      | Killed Natasha
  4482 | D:3      | Gained mutation: Your flesh is heat resistant. (rF+)
                  | [demonic ancestry]
  4482 | D:3      | Reached XP level 6. HP: 18/41 MP: 10/10
  4702 | D:3      | Noticed Natasha
  4703 | D:3      | Noticed Sigmund
  4711 | D:3      | Killed Natasha
  4720 | D:3      | Killed Sigmund
  4721 | D:3      | Reached skill level 6 in Transmutations
  5095 | D:3      | Noticed Natasha
  5102 | D:3      | Killed Natasha
  5466 | D:4      | Found a runed translucent door.
  5467 | D:4      | Noticed Crazy Yiuf
  5479 | D:4      | Killed Crazy Yiuf
  5480 | D:4      | Gained mutation: You have hoof-like feet. [demonic
                  | ancestry]
  5480 | D:4      | Reached XP level 7. HP: 30/48 MP: 11/11
  5869 | D:4      | Found a sacrificial altar of Ru.
  6131 | D:4      | Reached skill level 7 in Transmutations
  7109 | D:5      | Entered Level 5 of the Dungeon
  7365 | D:5      | Reached skill level 1 in Poison Magic
  7894 | D:5      | Shot with an arrow by a centaur

Illustrated notes

Levels and vault maps discovered:
D:1:      dpeg_arrival_rooms_b, layout_loops_ring, minivault_5
D:2:      minmay_razor_zed, layout_basic, minmay_tromino_i4
D:3:      layout_loops_ring, nicolae_overflow_hidden_temple, uniq_jessica,
          uniq_terence, uniq_natasha, uniq_sigmund
D:4:      layout_loops_ring, nicolae_ru_path_of_blood,
          amcnicky_mini_rare_corridor_liquid, kennysheep_generic_room_15,
          uniq_crazy_yiuf_cottage
D:5:      layout_loops_corners, nzn_wu_jian_council_hall, kennysheep_mini_moat,
          uniq_prince_ribbit1

Skill      XL: |  1  2  3  4  5  6  7 |
---------------+----------------------+-----
Transmutations | 2 3 4 5 6 7 |  7.8
Spellcasting   | 3 |  3.5
Poison Magic   | 1 |  1.1
Fighting       | |  1.0
Dodging        | |  1.7
Unarmed Combat | |  2.6

Action                   |  1- 3 |  4- 6 |  7- 9 || total
-------------------------+-------+-------+-------++-------
Melee: Unarmed           |    12 |       |    45 ||    57
       Mace              |    39 |       |       ||    39
       Kick              |    11 |    29 |    10 ||    50
       Headbutt          |     5 |    19 |     2 ||    26
       Flail             |    24 |   171 |    36 ||   231
       Punch             |       |     1 |       ||     1
Throw: Dart              |       |       |     4 ||     4
 Cast: Beastly Appendage |    25 |    36 |     9 ||    70
       Spider Form       |       |       |    12 ||    12
  Use: Scroll            |       |    11 |     8 ||    19
       Potion            |       |     1 |       ||     1
 Stab: Sleeping          |     6 |     7 |     1 ||    14
Armor: Robe              |    16 |    64 |     9 ||    89
       Skin              |       |       |     3 ||     3
Dodge: Dodged            |    42 |   150 |    58 ||   250
